 Dungeon Crawl Stone Soup version 0.25-b1-23-ge2ad7d536c (webtiles) character file.

Game seed: 17542765971831694101, levelgen mode: deterministic

65 sking99 the Ruffian (level 3, 0/33 HPs)
             Began as a Draconian Monk on May 31, 2020.
             Slain by a giant cockroach (2 damage)
             ... on level 3 of the Dungeon.
             The game lasted 00:02:14 (1474 turns).

sking99 the Ruffian (Draconian Monk)                Turns: 1474, Time: 00:02:15

Health: 0/33       AC:  6    Str: 14    XL:     3   Next: 94%
Magic:  3/3        EV: 13    Int: 10    God:
Gold:   49         SH:  0    Dex: 13    Spells: 2/2 levels left

rFire    . . .     SeeInvis .     - Unarmed
rCold    . . .     Gourm    .   (no shield)
rNeg     . . .     Faith    .   (armour unavailable)
rPois    .         Spirit   .   (helmet restricted)
rElec    .         Reflect  .   (no cloak)
rCorr    .         Harm     .   g - +0 pair of gloves
MR       .....                  (no boots)
Stlth    ++........             (no amulet)
HPRegen  0.11/turn              (no ring)
MPRegen  0.08/turn              (no ring)

@: no status effects
A: unfitting armour, cold-blooded, AC +5
a: no special abilities


You were on level 3 of the Dungeon.
You were hungry.

You visited 1 branch of the dungeon, and saw 3 of its levels.

You collected 49 gold pieces.

Inventory:

Armour
 g - a +0 pair of gloves (worn)
Jewellery
 d - an uncursed ring of fire {unknown}
 f - a cursed amulet of inaccuracy {unknown}
 j - a +4 ring of evasion {unknown}
 o - an uncursed amulet of regeneration {unknown}
 r - a +6 ring of strength {unknown}
Scrolls
 e - 2 scrolls of magic mapping {unknown}
 k - 2 scrolls of enchant armour {unknown}
 p - a scroll of amnesia {unknown}
 q - a scroll of identify {unknown}
 s - a scroll of fog {unknown}
Potions
 b - a potion of might {unknown}
 c - 2 potions of lignification {unknown}
 h - a potion of heal wounds {unknown}
 i - a potion of berserk rage {unknown}
 l - a potion of experience {unknown}
 m - a potion of magic {unknown}
 n - 2 potions of curing {unknown}
Comestibles
 a - 3 rations


   Skills:
 + Level 3.9 Fighting
 + Level 3.1 Dodging
 - Level 1.7 Stealth
 * Level 4.0 Unarmed Combat


You had 2 spell levels left.
You didn't know any spells.
Your spell library was empty.

Dungeon Overview and Level Annotations

Branches:
Dungeon (3/15)

Altars:
Okawaru


Innate Abilities, Weirdness & Mutations

Your plain brown scales are hard. (AC +5)
You cannot fit into any form of body armour.
You are cold-blooded and may be slowed by cold attacks.


Message History

The howler monkey closely misses you.
You hit the howler monkey.
The howler monkey is heavily wounded.
The giant cockroach closely misses you. The goblin hits you with a +0 club.
The howler monkey hits you but does no damage.
You hit the giant cockroach but do no damage.
The howler monkey hits you.
* * * LOW HITPOINT WARNING * * *
The giant cockroach bites you but does no damage.
The goblin hits you but does no damage. The howler monkey barely misses you.
The giant cockroach completely misses you.
The giant cockroach barely misses you. The rat misses you.
Unknown command.
The giant cockroach barely misses you. The rat misses you.
The howler monkey hits you!
* * * LOW HITPOINT WARNING * * *
There is a stone staircase leading up here.
The giant cockroach bites you.
You die...

.........# ### ..
.#.......# .. ..
....#######.##.#
#.............#
.........#.#.###.
#.............
#####.....#.#.....
.......hsg........
.......@r........#
.................#
..........########
#####.....#
#.....# .......
.........
........b..


You could see a howler monkey, a giant cockroach, a goblin, a bat and a rat.

Vanquished Creatures
  3 adders (D:2)
  4 dart slugs
  A leopard gecko (D:1)
  A ball python (D:2)
  2 bats
  4 goblins
  3 hobgoblins
  2 jackals (D:1)
  4 kobolds
  2 frilled lizards (D:2)
  3 rats
29 creatures vanquished.

Notes
Turn   | Place    | Note
-------+----------+-------------------------------------------
     0 | D:1      | sking99 the Draconian Monk began the quest for the Orb.
     0 | D:1      | Reached XP level 1. HP: 19/19 MP: 1/1
   339 | D:1      | Reached XP level 2. HP: 26/26 MP: 2/2
   903 | D:2      | Reached XP level 3. HP: 33/33 MP: 3/3
  1028 | D:2      | You fall into a shaft and drop 1 floor!
  1174 | D:2      | Found an iron altar of Okawaru.
  1328 | D:2      | Reached skill level 4 in Unarmed Combat
  1474 | D:3      | Slain by a giant cockroach

Illustrated notes

Levels and vault maps discovered:
D:1:      tarquinn_simple_flora_water_d, layout_loops_cross,
          minmay_misc_feat_room
D:2:      layout_basic, kennysheep_okawaru_gauntlet
D:3:      layout_basic, first_ration, serial_glass, glass_columns_c,
          glass_columns_a, glass_columns_b, glass_columns_a, glass_columns_a,
          glass_columns_b, item_on_display_a, feat_on_display,
          hangedman_decor_clover_reticule, minmay_misc_feat_rugged, uniq_ijyb

Skill      XL: |  1  2  3 |
---------------+----------+-----
Dodging        | 3 |  3.1
Unarmed Combat | 4 |  4.0
Fighting       | |  3.9
Stealth        | |  1.7

Action                   || total
-------------------------++-------
Melee: Unarmed           ||   130
       Punch             ||     4
       Tailslap          ||    13
 Stab: Sleeping          ||     2
  Eat: Chunk             ||     1
Armor: Skin              ||    51
Dodge: Dodged            ||   114
